 Dungeon Crawl Stone Soup version 0.19-a0-1792-g28b16ba (webtiles) character file.

156582 Amnesiac the Lord of Darkness (level 16, -5/118 HPs)
             Began as a Mummy Wizard on Oct 4, 2016.
             Was the Champion of Kikubaaqudgha.
             Slain by a ghost moth (7 damage)
             ... on level 4 of the Spider Nest.
             The game lasted 01:56:58 (37027 turns).

Amnesiac the Lord of Darkness (Mummy Wizard)       Turns: 37027, Time: 01:56:59

Health: -5/118     AC: 10    Str: 10      XL:     16   Next: 83%
Magic:  0/34       EV: 18    Int: 18 (19) God:    Kikubaaqudgha [******]
Gold:   1756       SH:  7    Dex: 15 (16) Spells: 13 memorised, 1 level left

rFire  x . .     SeeInvis .     w - staff of death
rCold  + + .     Gourm    .     G - +2 robe {rC+}
rNeg   + + +     Faith    .     i - +0 buckler
rPois  ∞         Spirit   .     I - +0 helmet
rElec  .         Dismiss  .     z - +0 cloak
rCorr  +         Reflect  +     L - +0 pair of gloves
MR     ++...     Harm     .     E - +2 pair of boots
Stlth  ++++......               g - +2 amulet of reflection
                                C - ring of resist corrosion
                                m - ring of wizardry

@: about to teleport, very slightly contaminated
A: no food or potions, fire vulnerability, cold resistance 1, negative energy
resistance 3, torment resistance, unbreathing, in touch with death 1
a: Receive Corpses, Torment, Renounce Religion
}: 1/15 runes: decaying


You were on level 4 of the Spider Nest.
You worshipped Kikubaaqudgha.
Kikubaaqudgha was exalted by your worship.
You were not hungry.

You visited 5 branches of the dungeon, and saw 30 of its levels.
You visited the Abyss 1 time.

You collected 1756 gold pieces.

Inventory:

Hand Weapons
 b - a +1 demon blade of flaming
Armour
 i - a +0 buckler (worn)
 z - a +0 cloak (worn)
 E - a +2 pair of boots (worn)
 G - a +2 robe of cold resistance (worn)
 I - a +0 helmet (worn)
 L - a +0 pair of gloves (worn)
Magical Staves
 q - an uncursed staff of energy
 w - an uncursed staff of death (weapon)
Jewellery
 g - a +2 amulet of reflection (around neck)
 m - a ring of wizardry (left hand)
 y - an uncursed ring of protection from fire
 C - a ring of resist corrosion (right hand)
Wands
 d - a wand of disintegration (15/24)
 K - a wand of teleportation (2/9)
Scrolls
 a - 9 scrolls of blinking
 e - 3 scrolls of fog
 h - 11 scrolls of amnesia
 n - 2 scrolls of recharging
 o - 4 scrolls of magic mapping
 r - 3 scrolls of noise
 s - 7 scrolls of remove curse
 t - 13 scrolls of identify
 x - 3 scrolls of enchant armour
 J - a scroll of teleportation
 N - a scroll of vulnerability
Books
 c - Roxanne's Reference Book on Clay
   (You took it off Roxanne on level 15 of the Dungeon)

   Spells                             Type                      Level
   a - Sandblast                      Earth                        1
   b - Passwall                       Transmutation/Earth          2
   c - Leda's Liquefaction            Hexes/Earth                  4
   d - Petrify                        Transmutation/Earth          4
   e - Statue Form                    Transmutation/Earth          6
 f - a Necronomicon

   Spells                             Type                      Level
   a - Haunt                          Necromancy/Summoning         7
   b - Borgnjor's Revivification      Necromancy                   8
   c - Death's Door                   Charms/Necromancy            8
   d - Infestation                    Necromancy                   8
   e - Necromutation                  Transmutation/Necromancy     8
 j - a book of Enchantments

   Spells                             Type                      Level
   a - Cause Fear                     Hexes                        4
   b - Yara's Violent Unravelling     Hexes/Transmutation          5
   c - Silence                        Hexes/Air                    5
   d - Deflect Missiles               Charms/Air                   6
   e - Haste                          Charms                       6
   f - Discord                        Hexes                        8
 p - Kikubaaqudgha's Grimoire of Necromancy
   (Kikubaaqudgha gifted it to you on level 2 of the Dungeon)

   Spells                             Type                      Level
   a - Animate Skeleton               Necromancy                   1
   b - Pain                           Necromancy                   1
   c - Corpse Rot                     Necromancy                   2
   d - Vampiric Draining              Necromancy                   3
   e - Control Undead                 Necromancy                   4
 A - Kikubaaqudgha's Compendium of Stolen Souls
   (Kikubaaqudgha gifted it to you on level 7 of the Dungeon)

   Spells                             Type                      Level
   a - Bolt of Draining               Conjuration/Necromancy       5
   b - Agony                          Necromancy                   5
   c - Cigotuvi's Embrace             Necromancy                   5
   d - Dispel Undead                  Necromancy                   5
   e - Simulacrum                     Ice/Necromancy               6
 M - a book of the Warp

   Spells                             Type                      Level
   a - Gell's Gravitas                Hexes/Translocation          3
   b - Portal Projectile              Translocation                3
   c - Force Lance                    Conjuration/Translocation    4
   d - Dispersal                      Translocation                6
   e - Controlled Blink               Translocation                8
   f - Disjunction                    Translocation                8


   Skills:
 * Level 8.5 Fighting
 + Level 5.1 Staves
 + Level 8.5 Dodging
 - Level 8.0 Stealth
 - Level 4.1 Shields
 - Level 14.5 Spellcasting
 - Level 2.0 Conjurations
 - Level 0.7 Summonings
 - Level 18.0 Necromancy
 - Level 0.7 Translocations
 - Level 6.0 Evocations


You had one spell level left.
You knew the following spells:

 Your Spells              Type           Power        Failure   Level  Hunger
a - Repel Missiles        Chrm/Air       ##....       4%          2    N/A
b - Blink                 Tloc           N/A          3%          2    N/A
c - Simulacrum            Ice/Necr       #######...   9%          6    N/A
d - Call Imp              Summ           ###.....     3%          2    N/A
e - Bolt of Draining      Conj/Necr      #######...   1%          5    N/A
f - Vampiric Draining     Necr           ########..   0%          3    N/A
g - Pain                  Necr           ####         0%          1    N/A
h - Corpse Rot            Necr           N/A          0%          2    N/A
i - Animate Skeleton      Necr           N/A          0%          1    N/A
j - Infestation           Necr           ########..   9%          8    N/A
s - Conjure Flame         Conj/Fire      ###.....     4%          3    N/A
w - Dispel Undead         Necr           ########     1%          5    N/A
z - Mephitic Cloud        Conj/Pois/Air  ###.....     6%          3    N/A

Dungeon Overview and Level Annotations

Branches:
Dungeon (15/15)            Temple (1/1) D:4            Lair (6/6) D:9
  Swamp (4/4) Lair:2       Spider (4/4) Lair:2        Slime (0/5) Lair:5
    Orc (0/2) D:12         Vaults (0/5) D:14         Depths (0/5) D:15

Altars:
Ashenzari
Cheibriados
Dithmenos
Elyvilon
Fedhas
Gozag
Hepliaklqana
Kikubaaqudgha
Makhleb
Nemelex Xobeh
Okawaru
Qazlal
Ru
Sif Muna
Trog
Uskayaw
Vehumet
Xom
Yredelemnul
Zin
The Shining One

Shops:
D:15 =[

Annotations:
D:14 Snorg


Innate Abilities, Weirdness & Mutations

You do not eat or drink.
Your flesh is vulnerable to fire.
You are immune to poison.
Your flesh is cold resistant. (rC+)
You are immune to negative energy. (rN+++)
You are immune to unholy pain and torment.
You can survive without breathing.
You are in touch with the powers of death.


Message History

Okay, then.
Okay, then.
As you read the scroll of fear, it crumbles to dust.
You assume a fearsome visage.
Your death scarab is unaffected. x4
Something hits you but does no damage. Something closely misses you.
Something stings you but does no damage.
Unknown command.
As you read the scroll of teleportation, it crumbles to dust.
You feel strangely unstable. Something hits you!
* * * LOW HITPOINT WARNING * * *
Something closely misses you. Something barely misses you.
You can't drink.
You miss something.
You feel you are being watched by something.
You feel your power leaking away. Something completely misses you.
Something hits you but does no damage. Something stings you!
You die...
Kikubaaqudgha rasps: "You have failed me!
Welcome... oblivion!"

#... #......
#...##........
#..##.........
#..#......s...
#.....{.s.....
#^.........^.. #..
#..#....ss.... #..
#^.##......... ##.#.#
##..^##@.^..^..##..#^###
#.^#..##......##^..#..#^
#
#.###..##$$$$##....#....
##########.#
##..######......#...
..^....^...#
##^......^.........
..##########
#^.....#^........# ^##
##^........##...#. ..#
#................ .####
##...#..#........


You could see 4 friendly death scarabs.

Vanquished Creatures
  Nessos (D:14)
  A spark wasp (Spider:4)
  Erolcha (D:10)
  3 vault guards (D:14)
  15 hydras
  The ghost of Shenda the Carver, a journeyman VSFi of Okawaru (D:13)
  3 catoblepae (Lair:6)
  Erica (D:10)
  A death knight (D:14)
  The ghost of 4thArraOfDagon the Grappler, a novice TrMo of the Shining One (D:13)
  2 centaur warriors
  7 alligators
  24 death yaks
  Sonja (D:11)
  6 skeletal warriors
  The ghost of Gruesome the Arsonist, a novice NaFE of Cheibriados (D:7)
  An unseen horror (D:9)
  2 spriggan druids
  4 swamp dragons (Swamp:4)
  A glowing orange brain (Abyss:2)
  4 hill giants
  A wizard (D:15)
  A phantasmal warrior (D:14)
  A deep elf mage (D:14)
  4 wolf spiders
  3 manticores
  11 ugly things
  An oklob plant (Lair:5)
  3 black mambas
  3 cyclopes
  Joseph (Lair:1)
  2 centaur zombies
  A gargoyle (D:14)
  Maurice (D:11)
  A torpor snail (Lair:5)
  13 spiny frogs
  A kobold demonologist (D:13)
  3 komodo dragons
  A freezing wraith (D:15)
  2 jumping spiders
  4 trolls
  A meliai (shapeshifter) (Abyss:2)
  A polar bear (Lair:3)
  2 two-headed ogres
  6 blink frogs
  3 tyrant leeches
  6 hornets
  2 slime creatures (D:12)
  4 bog bodies
  8 hippogriffs
  5 spriggans
  2 large abominations (Abyss:2)
  7 redbacks
  2 vampires
  8 tarantellas
  2 wyverns
  7 wraiths
  Grum (Lair:1)
  57 yaks
  4 basilisks
  2 hungry ghosts
  5 vampire mosquitoes
  A mottled dragon (shapeshifter) (D:15)
  A mottled dragon (D:15)
  10 swamp worms
  3 insubstantial wisps (Lair:2)
  A soldier ant (D:11)
  12 water moccasins
  8 porcupines
  10 orc warriors
  4 black bears
  7 ice beasts
  4 swamp drakes
  An eye of draining (D:13)
  8 sky beasts
  7 ogres
  7 phantoms
  A necrophage (D:10)
  14 centaurs
  13 wolves
  3 big kobolds
  20 crocodiles
  10 bullfrogs
  2 gnoll sergeants (D:12)
  A wyvern skeleton (D:11)
  3 scorpions
  A water moccasin skeleton (D:8)
  19 killer bees
  5 wights
  2 howler monkeys (D:8)
  3 electric eels
  8 crimson imps
  3 bullfrog zombies
  8 centaur skeletons
  8 orc priests
  5 hounds
  2 bullfrog skeletons
  Natasha (twice) (D:2)
  9 iguanas
  2 small abominations (Abyss:2)
  22 orc wizards
  13 worker ants
  A hound zombie (D:11)
  A worker ant zombie (D:5)
  7 gnolls
  14 adders
  9 river rats
  2 shadow imps
  An ooze (D:2)
  An adder zombie (D:5)
  An adder skeleton (D:9)
  2 worms
  A dart slug (D:1)
  7 leopard geckos
  55 orcs
  16 bats
  2 giant cockroaches
  8 goblins
  10 hobgoblins
  13 jackals
  3 quokkas
  A ball python (D:1)
  6 frilled lizards
  12 kobolds
  A leopard gecko skeleton (D:6)
  2 quokka skeletons
  20 rats
  A fungus (D:9)
734 creatures vanquished.

Vanquished Creatures (collateral kills)
  A bone dragon (Abyss:2)
  A lich (Abyss:2)
  Roxanne (D:15)
  2 ghost moths
  An emperor scorpion (Spider:4)
  2 entropy weavers (Spider:2)
  An ettin (D:15)
  Josephine (D:11)
  9 hydras
  A rakshasa (D:14)
  A vault guard (D:14)
  2 ogre magi (D:15)
  An alligator (Swamp:2)
  3 hell hogs (Abyss:2)
  A sun demon (Abyss:2)
  2 sixfirhies (Abyss:2)
  A spriggan druid (Swamp:4)
  2 wizards
  A hill giant (D:15)
  4 shambling mangroves
  5 swamp dragons (Swamp:4)
  A deep elf mage (D:15)
  9 orb spiders
  8 wolf spiders
  3 oklob plants (Lair:6)
  A black mamba (shapeshifter) (D:15)
  2 smoke demons (Abyss:2)
  A torpor snail (Spider:3)
  A spiny frog (Swamp:4)
  An orange demon (Abyss:2)
  2 komodo dragons
  2 gargoyles
  The ghost of twist the Skirmisher, an amateur OgHu (D:4)
  A yaktaur (shapeshifter) (Abyss:2)
  4 demonic crawlers
  A tormentor (Abyss:2)
  4 jumping spiders (Spider:4)
  3 hellwings (Abyss:2)
  An ancient zyme (Abyss:2)
  A harpy zombie (Abyss:2)
  3 raiju (Abyss:2)
  A two-headed ogre (D:12)
  10 hornets
  12 slime creatures
  A hippogriff (D:15)
  3 bog bodies (Swamp:4)
  5 large abominations (Abyss:2)
  20 redbacks
  A ynoxinul (Abyss:2)
  8 flying skulls (Abyss:2)
  3 spriggans (Swamp:4)
  13 tarantellas
  2 vampire mosquitoes (Swamp:3)
  A mottled dragon (D:15)
  2 swamp worms (Swamp:4)
  5 swamp drakes
  The ghost of wazuzu the Poker, an amateur DrBe of Trog (D:3)
  An eye of draining (shapeshifter) (Abyss:2)
  A centaur (D:15)
  2 crocodiles
  A small abomination (Abyss:2)
  2 killer bees
  2 wights (D:14)
  A jelly (D:15)
  A quasit (Abyss:2)
  15 starcursed masses (Abyss:2)
  A human zombie (Abyss:2)
  An iguana (D:4)
  Natasha (D:2)
  A worker ant (D:6)
  A gnoll (D:2)
  2 ufetubi (Abyss:2)
  An orc (D:7)
  A giant cockroach (D:2)
  2 plants (Lair:6)
218 creatures vanquished.

Vanquished Creatures (others)
  A yaktaur (D:15)
  A bush (Lair:6)
  10 fungi
  12 plants
24 creatures vanquished.

Grand Total: 976 creatures vanquished

Notes
Turn   | Place    | Note
-------+----------+-------------------------------------------
     0 | D:1      | Amnesiac the Mummy Wizard began the quest for the Orb.
     0 | D:1      | Reached XP level 1. HP: 13/13 MP: 4/4
   495 | D:2      | Reached XP level 2. HP: 19/19 MP: 4/6
   499 | D:2      | Learned a level 2 spell: Call Imp
   740 | D:4      | Reached XP level 3. HP: 15/24 MP: 1/8
   747 | D:4      | Learned a level 3 spell: Mephitic Cloud
   751 | D:4      | Learned a level 3 spell: Conjure Flame
   902 | D:4      | Noticed twist's ghost (amateur OgHu)
   963 | D:4      | Found a staircase to the Ecumenical Temple.
   974 | D:4      | Found a sacrificial altar of Ru.
   976 | D:4      | Found a burning altar of Makhleb.
  1000 | Temple   | Entered the Ecumenical Temple
  1020 | Temple   | Became a worshipper of Kikubaaqudgha
  1341 | D:1      | Reached skill level 1 in Necromancy
  1663 | D:2      | Noticed Natasha
  1683 | D:2      | Killed Natasha
  1683 | D:2      | Reached skill level 2 in Necromancy
  1683 | D:2      | Reached XP level 4. HP: 30/30 MP: 0/10
  1987 | D:2      | Reached skill level 3 in Necromancy
  2132 | D:2      | Noticed Natasha
  2149 | D:2      | Killed Natasha
  2149 | D:2      | Reached XP level 5. HP: 35/35 MP: 0/11
  2156 | D:2      | Noticed Natasha
  2167 | D:2      | Killed Natasha
  2285 | D:2      | Reached * piety under Kikubaaqudgha
  2285 | D:2      | Identified Kikubaaqudgha's Grimoire of Necromancy (Kikubaaqudgha gifted it to you on level 2 of the Dungeon)
  2285 | D:2      | Received a gift from Kikubaaqudgha
  2289 | D:2      | Learned a level 1 spell: Pain
  2751 | D:3      | Noticed wazuzu's ghost (amateur DrBe)
  2776 | D:3      | Killed wazuzu's ghost
  2776 | D:3      | Reached skill level 4 in Necromancy
  3177 | D:3      | Reached XP level 6. HP: 41/41 MP: 12/12
  3213 | D:3      | Learned a level 3 spell: Vampiric Draining
  3242 | D:4      | Reached skill level 5 in Necromancy
  3392 | D:4      | Killed twist's ghost
  3392 | D:4      | Reached skill level 6 in Necromancy
  3392 | D:4      | Reached XP level 7. HP: 19/46 MP: 3/13
  4215 | D:5      | Entered Level 5 of the Dungeon
  4238 | D:5      | Reached skill level 7 in Necromancy
  4515 | D:5      | Reached ** piety under Kikubaaqudgha
  4515 | D:5      | Reached skill level 8 in Necromancy
  4789 | D:5      | Reached skill level 5 in Spellcasting
  4789 | D:5      | Reached XP level 8. HP: 44/52 MP: 10/15
  5021 | D:5      | Learned a level 2 spell: Repel Missiles
  5025 | D:5      | Learned a level 2 spell: Blink
  5542 | D:6      | Found a shadowy altar of Dithmenos.
  5634 | D:6      | Found a white marble altar of Elyvilon.
  6012 | D:7      | Learned a level 2 spell: Corpse Rot
  6015 | D:7      | Noticed Gruesome's ghost (novice NaFE)
  6763 | D:7      | Found a sparkling altar of Nemelex Xobeh.
  7378 | D:7      | Reached *** piety under Kikubaaqudgha
  7378 | D:7      | Identified Kikubaaqudgha's Compendium of Stolen Souls (Kikubaaqudgha gifted it to you on level 7 of the Dungeon)
  7378 | D:7      | Received a gift from Kikubaaqudgha
  7390 | D:7      | Learned a level 5 spell: Dispel Undead
  7462 | D:7      | Reached XP level 9. HP: 29/57 MP: 7/21
  7722 | D:7      | Killed Gruesome's ghost
  7722 | D:7      | Reached skill level 9 in Necromancy
  8608 | D:8      | Reached skill level 10 in Necromancy
  8877 | D:8      | Reached XP level 10. HP: 48/63 MP: 19/23
  8879 | D:8      | Reached **** piety under Kikubaaqudgha
  8879 | D:8      | Reached skill level 10 in Spellcasting
  8890 | D:8      | Learned a level 5 spell: Bolt of Draining
  8913 | D:8      | Reached skill level 1 in Conjurations
  9506 | D:9      | Found a shimmering altar of Xom.
  9692 | D:9      | Found a staircase to the Lair.
 10054 | D:9      | Reached ***** piety under Kikubaaqudgha
 10130 | D:10     | Entered Level 10 of the Dungeon
 10130 | D:10     | Noticed Erolcha
 10498 | D:10     | Reached skill level 11 in Necromancy
 10546 | D:10     | Noticed Erica
 11990 | D:9      | Killed an unseen horror
 12212 | Lair:1   | Entered Level 1 of the Lair of Beasts
 12237 | D:9      | Noticed a five-headed hydra
 12263 | D:9      | Reached XP level 11. HP: 59/68 MP: 10/26
 12359 | D:9      | Killed a five-headed hydra
 12717 | D:10     | Killed Erica
 12717 | D:10     | Reached skill level 12 in Necromancy
 12724 | D:10     | Killed Erolcha
 13335 | Lair:1   | Learned a level 6 spell: Simulacrum
 13429 | Lair:1   | Noticed Joseph
 13433 | Lair:1   | Killed Joseph
 13580 | Lair:1   | Got a heavily jewelled robe
 13591 | Lair:1   | Identified the +0 robe of Valiance {rN+ Regen+} (You found it on level 1 of the Lair of Beasts)
 13743 | Lair:1   | Noticed a six-headed hydra
 13755 | Lair:1   | Killed a six-headed hydra
 13856 | Lair:1   | Noticed Grum
 14335 | Lair:2   | Reached XP level 12. HP: 25/74 MP: 3/29
 14594 | Lair:2   | You fall through a shaft for 2 floors!
 14803 | Lair:3   | Identified a scroll of acquirement
 15055 | Lair:2   | Noticed a death yak
 15056 | Lair:2   | Noticed a death yak
 15067 | Lair:2   | Killed a death yak
 15103 | Lair:2   | Killed a death yak
 15103 | Lair:2   | Reached skill level 13 in Necromancy
 15144 | Lair:2   | Noticed a death yak
 15144 | Lair:2   | Noticed a death yak
 15154 | Lair:2   | Noticed a death yak
 15279 | Lair:2   | Found a staircase to the Swamp.
 15441 | Lair:2   | Noticed a six-headed hydra
 15920 | Lair:1   | Killed Grum
 16064 | Lair:2   | Killed a six-headed hydra
 16064 | Lair:2   | Reached skill level 1 in Shields
 16416 | Lair:2   | Killed a death yak
 16470 | Lair:2   | Killed a death yak
 16612 | Lair:2   | Killed a death yak
 16853 | Lair:2   | Found a hole to the Spider Nest.
 17612 | Lair:3   | Reached ****** piety under Kikubaaqudgha
 17623 | Lair:3   | Noticed a five-headed hydra
 17624 | Lair:3   | Received a gift from Kikubaaqudgha
 17628 | Lair:3   | Killed a five-headed hydra
 17628 | Lair:3   | Reached skill level 5 in Dodging
 17794 | Lair:3   | Noticed a six-headed hydra
 17798 | Lair:3   | Killed a six-headed hydra
 17798 | Lair:3   | Gained mutation: You are in touch with the powers of death. [Mummy growth]
 17798 | Lair:3   | Reached XP level 13. HP: 79/79 MP: 14/30
 19073 | Lair:5   | Reached skill level 1 in Fighting
 19340 | Lair:5   | Found a basalt altar of Yredelemnul.
 19551 | Lair:5   | Found a staircase to the Slime Pits.
 19654 | Lair:6   | Entered Level 6 of the Lair of Beasts
 19772 | Lair:6   | Reached skill level 1 in Evocations
 21205 | Lair:6   | Reached skill level 5 in Evocations
 21821 | Lair:6   | Reached skill level 14 in Necromancy
 21822 | Lair:6   | Reached XP level 14. HP: 96/96 MP: 0/31
 23199 | D:11     | Noticed Sonja
 23201 | D:11     | Killed Sonja
 23925 | D:11     | Noticed Maurice
 23928 | D:11     | Killed Maurice
 24324 | D:11     | Reached skill level 15 in Necromancy
 24347 | D:11     | Noticed Josephine
 24377 | D:11     | Killed Josephine
 25238 | D:12     | Learned a level 1 spell: Animate Skeleton
 25315 | D:12     | Found a staircase to the Orcish Mines.
 25871 | D:13     | Reached skill level 16 in Necromancy
 25900 | D:13     | Noticed Shenda's ghost (journeyman VSFi)
 25903 | D:13     | Killed Shenda's ghost
 25903 | D:13     | Reached skill level 5 in Fighting
 25909 | D:13     | Noticed 4thArraOfDagon's ghost (novice TrMo)
 25911 | D:13     | Killed 4thArraOfDagon's ghost
 25911 | D:13     | Reached skill level 1 in Staves
 27234 | D:14     | Found a gate to the Vaults.
 27235 | D:14     | Noticed Nessos
 27241 | D:14     | Noticed Snorg
 27434 | D:14     | Reached XP level 15. HP: 103/103 MP: 12/33
 27587 | D:14     | Killed Nessos
 27598 | D:14     | Learned a level 8 spell: Infestation
 28398 | D:13     | You fall through a shaft!
 29576 | D:15     | Entered Level 15 of the Dungeon
 29741 | D:15     | Reached skill level 17 in Necromancy
 29772 | D:15     | Cast into level 2 of the Abyss (a wizard)
 30076 | Abyss:2  | Noticed a lich
 30087 | Abyss:2  | Killed a lich
 30106 | Abyss:2  | Noticed a bone dragon
 30118 | Abyss:2  | Killed a bone dragon
 30212 | D:15     | Escaped the Abyss
 30585 | D:15     | Reached skill level 18 in Necromancy
 30628 | D:15     | Found a staircase to the Depths.
 30650 | D:15     | Noticed Roxanne
 30662 | D:15     | Killed Roxanne
 30688 | D:15     | Identified Roxanne's Reference Book on Clay (You took it off Roxanne on level 15 of the Dungeon)
 30691 | D:15     | Found Wuan's Jewellery Boutique.
 30714 | D:15     | Found a shattered altar of Ashenzari.
 31045 | D:15     | Found Echiuje's Antique Armour Boutique.
 31421 | Swamp:1  | Entered Level 1 of the Swamp
 32130 | Swamp:4  | Entered Level 4 of the Swamp
 32145 | Swamp:4  | Reached XP level 16. HP: 51/113 MP: 2/34
 33535 | Swamp:4  | Reached skill level 5 in Stealth
 34453 | Swamp:4  | Got a decaying rune of Zot
 35338 | Spider:1 | Entered Level 1 of the Spider Nest
 36049 | Spider:4 | Entered Level 4 of the Spider Nest
 36838 | Spider:4 | Reached skill level 5 in Staves
 37026 | Spider:4 | HP: 2/118 [something (8)]
 37027 | Spider:4 | Slain by a ghost moth

Vault maps used:
D:1:      dpeg_arrival_water_altar, minmay_pentomino_p2
D:2:      uniq_natasha
D:4:      gammafunk_temple_overflow_pools, first_bread
D:5:      kennysheep_generic_room_2
D:6:      lemuel_doored_altar, grunt_dithmenos_smoke_and_mirrors
D:7:      nemelex_xobeh_ov_fountains_minmay
D:9:      xom_teletrap_fun, grunt_lair_entry_orc_guard_hut
D:10:     nicolae_lava_and_water, uniq_erolcha, uniq_erica
D:11:     uniq_maurice, uniq_josephine, uniq_sonja
D:12:     kennysheep_orc_monster_closet_entryway
D:14:     lightli_vaults_fourway_checkpoint, serial_park_avenue1, uniq_snorg,
          uniq_nessos
D:15:     hangedman_depths_entry_civil_slaughter, serial_shops, shop, shop,
          evilmike_ruin_ashenzari, evilmike_minifort, uniq_roxanne
Temple:   lightli_temple_of_artemis
Lair:1:   serial_bayou_lake_a, uniq_grum, uniq_joseph
Lair:2:   minmay_swamp_entry_wisps, spider_nest_entry_funnel_web,
          grunt_megastairs_1, lemuel_fruit_fields, lemuel_fruit_tree,
          serial_bayou_shore_b, serial_bayou_shore_b
Lair:3:   nicolae_quartered_pool_medium, beast_lair_carwin_7
Lair:5:   slime_dummy, basic_altar, lemuel_fruit_fields
Lair:6:   evilmike_catoblepas_cave, serial_bayou_pond_a, dpeg_oklob_1
Swamp:1:  nicolae_swamp_round_clearing, nicolae_swamp_hydra_murder_den
Swamp:2:  infiniplex_staircase_pool, swamp_pool1, uniq_nikola
Swamp:3:  evilmike_swamp_ruin_house_4
Swamp:4:  swamp_basic_johnstein
Spider:1: guppyfry_hornet_nest
Spider:2: uniq_donald
Spider:4: spider_rune_water, spiders_nest_the_unseen
Abyss:2:  hangedman_abyss_river_spirits, serial_sigils_hangedman_quiver,
          hangedman_abyss_or_decor_stagger

Skill      XL: |  1  2  3  4  5  6  7  8  9 10 11 12 13 14 15 16 |
---------------+-------------------------------------------------+-----
Spellcasting   | 4 5 8 9 11 13 14 | 14.5
Necromancy     | 2 3 4 6 8 10 11 12 13 14 16 18 | 18.0
Conjurations   | 2 |  2.0
Shields        | 4 |  4.1
Dodging        | 5 7 8 |  8.5
Fighting       | 4 5 6 8 |  8.5
Evocations     | 6 |  6.0
Staves         | 4 5 |  5.1
Stealth        | 8 |  8.0
Summonings     | |  0.7
Translocations | |  0.7

Action                   |  1- 3 |  4- 6 |  7- 9 | 10-12 | 13-15 | 16-18 || total
-------------------------+-------+-------+-------+-------+-------+-------++-------
Melee: Short sword       |       |       |   127 |   191 |    10 |       ||   328
       Staff             |       |       |       |    41 |   462 |   106 ||   609
       Scimitar          |       |       |       |    32 |       |       ||    32
       Demon blade       |       |       |       |       |    48 |       ||    48
 Fire: Hunting sling     |    30 |    71 |   326 |       |       |       ||   427
 Cast: Magic Dart        |    50 |    14 |       |       |       |       ||    64
       Call Imp          |     5 |    14 |    19 |       |       |       ||    38
       Mephitic Cloud    |     1 |     3 |    12 |     9 |     2 |     1 ||    28
       Pain              |       |    32 |     3 |       |       |       ||    35
       Conjure Flame     |       |     4 |     2 |    13 |     1 |       ||    20
       Vampiric Draining |       |       |    36 |    98 |    78 |    25 ||   237
       Repel Missiles    |       |       |     2 |     1 |     4 |       ||     7
       Blink             |       |       |     1 |     1 |     3 |     2 ||     7
       Dispel Undead     |       |       |    11 |     7 |    55 |     7 ||    80
       Bolt of Draining  |       |       |       |   174 |   354 |    74 ||   602
       Simulacrum        |       |       |       |       |    38 |    20 ||    58
       Animate Skeleton  |       |       |       |       |     2 |       ||     2
       Corpse Rot        |       |       |       |       |     1 |       ||     1
       Infestation       |       |       |       |       |    19 |    28 ||    47
Invok: Receive Necronomi |       |       |       |     1 |       |       ||     1
       Receive Corpses   |       |       |       |       |     2 |     1 ||     3
Evoke: Staff of energy   |       |       |       |   167 |   193 |    28 ||   388
       Wand              |       |       |       |       |     6 |       ||     6
  Use: Scroll            |     5 |     4 |     3 |     7 |     7 |     5 ||    31
 Stab: Confused          |       |       |    10 |     2 |       |       ||    12
       Sleeping          |       |       |     1 |       |       |     3 ||     4
       Paralysed         |       |       |       |       |     6 |       ||     6
       Distracted        |       |       |       |       |     2 |       ||     2
Armor: Robe              |     2 |     5 |    62 |    93 |   145 |    68 ||   375
Dodge: Dodged            |     8 |     9 |   154 |   277 |   581 |   192 ||  1221
       Deflected         |       |       |     1 |     4 |    16 |       ||    21
Block: Other             |     3 |     3 |    13 |    27 |       |       ||    46
       Reflection        |     1 |       |     2 |       |    14 |     3 ||    20
       Buckler           |       |       |       |     9 |   293 |   105 ||   407
       Rpst.: Scimitar   |       |       |       |     1 |       |       ||     1
       Demon blade       |       |       |       |       |     8 |       ||     8
